Map: [ESL] Oceanborn

Players

trigger - Winner!

  • Race: Protoss Protoss
  • Spawn Location: 11:00

Kelazhur

  • Race: Terran Terran
  • Spawn Location: 5:00

Event: ESL SC2 Masters 2024 Spring (Regional)

VOD

Have the link to the VOD?

Description

Time

  • Played on: May 3, 2024, 5:59 p.m.
  • Length: 12:27

All games in this series

Show
View Real Time Build Order
Export as new Build Order

trigger Protoss - Winner!

Build Orders: 1 Gate Expand, Blink Stalkers 

Get SALT Encoding   

  12  0:00  Probe  
  13  0:12  Probe  
  14  0:17  Pylon  
  14  0:24  Probe (Chrono Boost)  
  16  0:36  Probe (Chrono Boost)  
  16  0:37  Gateway  
  16  0:42  Probe (Chrono Boost)  
  16  0:45  Assimilator  
  17  0:51  Probe  
  18  1:03  Probe  
  19  1:15  Probe  
  20  1:24  Cybernetics Core  
  20  1:30  Nexus  
  20  1:36  Pylon  
  20  1:40  Probe  
  20  1:45  Assimilator  
  21  1:52  Probe  
  22  1:58  Adept (Chrono Boost)  
  24  2:01  Warp Gate  
  24  2:04  Probe  
  25  2:16  Probe  
  25  2:18  Adept (Chrono Boost)  
  28  2:26  Twilight Council  
  28  2:37  Probe  
  28  2:40  Stalker  
  28  2:42  Probe  
  32  2:49  Probe  
  33  2:54  Probe  
  33  2:58  Gateway  
  34  3:01  Blink (Chrono Boost), Probe  
  35  3:06  Probe  
  36  3:13  Probe  
  36  3:17  Probe  
  38  3:25  Robotics Facility, Probe x2  
  37  3:33  Probe  
  38  3:37  Probe  
  38  3:38  Assimilator  
  38  3:39  Pylon  
  40  3:45  Probe  
  41  3:50  Stalker, Probe  
  41  3:52  Stalker  
  46  3:57  Probe  
  46  4:02  Probe  
  48  4:07  Dark Shrine  
  48  4:09  Probe  
  49  4:15  Probe  
  49  4:16  Warp Prism (Chrono Boost)  
  53  4:24  Pylon  
  53  4:28  Nexus  
  52  4:31  Pylon  
  52  4:40  Stalker  
  52  4:42  Observer  
  52  4:44  Stalker  
  57  4:52  Probe x2  
  59  4:53  Shield Battery  
  59  4:55  Gateway  
  59  5:02  Charge, Gateway  
  59  5:09  Probe x2  
  61  5:19  Gateway, Dark Templar x2  
  61  5:21  Probe x2  
  67  5:33  Probe x2  
  69  5:40  Probe (Chrono Boost)  
  68  5:45  Probe x2 (Chrono Boost)  
  68  5:48  Gateway  
  70  5:50  Gateway  
  70  5:52  Probe (Chrono Boost)  
  70  5:55  Probe x2 (Chrono Boost)  
  73  5:58  Zealot, Sentry  
  73  5:59  Zealot x2  
  73  6:01  Immortal (Chrono Boost)  
  83  6:05  Pylon  
  83  6:12  Robotics Bay  
  83  6:13  Pylon, Probe x2  
  83  6:15  Assimilator  
  85  6:21  Pylon  
  85  6:23  Probe  
  85  6:24  Pylon  
  85  6:25  Probe x2  
  87  6:27  Pylon  
  88  6:34  Forge  
  88  6:36  Pylon, Immortal (Chrono Boost)  
  88  6:39  Zealot x2  
  96  6:41  Zealot  
  96  6:45  Zealot  
  100  6:53  Pylon  
  100  6:54  Nexus  
  100  7:04  Colossus (Chrono Boost)  
  100  7:08  Protoss Ground Weapons Level 1 (Chrono Boost)  
  106  7:12  Sentry x2  
  106  7:14  Pylon  
  110  7:18  Shield Battery  
  108  7:27  Probe  
  107  7:31  Nexus  
  107  7:33  Photon Cannon, Probe x2  
  101  7:38  Pylon  
  101  7:40  Stalker x2  
  101  7:41  Zealot x3  
  101  7:42  Stalker  
  113  7:44  Extended Thermal Lance  
  113  7:48  Pylon, Shadow Stride (Chrono Boost), Probe  
  113  7:49  Probe  
  115  7:55  Zealot  
  117  8:00  Gateway  
  117  8:02  Pylon  
  117  8:04  Zealot x2  
  117  8:05  Stalker x3  
  127  8:06  Zealot  
  125  8:15  Colossus (Chrono Boost)  
  127  8:23  Zealot  
  127  8:25  Zealot x2  
  127  8:26  Zealot  
  133  8:32  Zealot x3  
  133  8:33  Probe x3  
  142  8:42  Gateway  
  142  8:43  Probe  
  142  8:45  Probe x2  
  142  8:47  Protoss Ground Armor Level 1 (Chrono Boost)  
  145  8:52  Zealot x5  
  127  9:00  Zealot x2, Warp Prism (Chrono Boost)  
  129  9:16  Assimilator  
  129  9:18  Assimilator  
  129  9:24  Probe x2  
  129  9:25  Observer (Chrono Boost)  
  132  9:34  Forge  
  132  9:38  Nexus  
  132  9:39  Robotics Facility  
  132  9:40  Pylon  
  132  9:43  Disruptor (Chrono Boost)  
  136  9:47  Robotics Facility, Probe  
  136  9:49  Pylon  
  137  9:53  Zealot x3, Dark Templar  
  137  9:54  Dark Templar x2  
  137  9:55  Dark Templar  
  151  10:02  Pylon  
  151  10:04  Zealot x2  
  155  10:10  Protoss Ground Weapons Level 2 (Chrono Boost)  
  153  10:16  Disruptor (Chrono Boost)  
  157  10:26  Disruptor (Chrono Boost)  
  157  10:28  Zealot x5  
  157  10:45  Zealot x4  
  157  10:48  Disruptor x2 (Chrono Boost)  
  157  10:51  Zealot x4  
  157  10:52  Zealot  
  157  10:53  Disruptor (Chrono Boost)  
  171  10:57  Probe  
  171  10:58  Probe x4  
  176  11:06  Zealot x4  
  184  11:18  Disruptor x2  
  190  11:23  Probe  
  181  11:26  Zealot  
  181  11:27  Zealot x8  
  193  11:48  Immortal, Gateway  
  193  11:49  Gateway  
  193  11:52  Gateway, Dark Templar x2  
  193  11:54  Gateway  
  197  11:59  Shield Battery  
  197  12:00  Photon Cannon  
  195  12:02  Photon Cannon  
  195  12:03  Photon Cannon  
  195  12:05  Photon Cannon  
  195  12:06  Pylon  
  173  12:23  Zealot x7  
Show
View Real Time Build Order
Export as new Build Order

Kelazhur Terran 

Build Orders: Cyclone Opening, Reaper Expand 

Get SALT Encoding   

  12  0:00  SCV  
  13  0:12  SCV  
  14  0:16  Supply Depot  
  14  0:24  SCV  
  15  0:38  SCV, Barracks  
  15  0:42  Refinery  
  16  0:50  SCV  
  17  1:02  SCV  
  18  1:14  SCV  
  19  1:26  Orbital Command, Reaper  
  20  1:37  Command Center  
  20  1:46  Supply Depot  
  20  1:52  SCV  
  21  1:57  Marine  
  22  2:04  Factory  
  22  2:06  SCV  
  23  2:13  Bunker  
  23  2:18  SCV  
  23  2:19  Refinery  
  23  2:20  Barracks Reactor  
  24  2:30  SCV  
  25  2:42  SCV  
  26  2:44  Barracks  
  26  2:48  Cyclone  
  26  2:49  Orbital Command  
  28  2:54  SCV  
  28  2:57  Marine  
  30  2:59  Marine  
  31  3:06  SCV  
  31  3:15  SCV, Marine  
  31  3:17  Marine  
  31  3:18  SCV  
  34  3:22  Factory Tech Lab  
  35  3:27  SCV  
  35  3:30  SCV  
  36  3:35  Supply Depot  
  36  3:37  Marine x2  
  36  3:38  Barracks Tech Lab  
  36  3:39  SCV  
  39  3:42  SCV, Siege Tank  
  39  3:48  Engineering Bay  
  43  3:53  SCV  
  43  3:55  Marine x2  
  46  3:58  Supply Depot  
  46  4:00  Combat Shield  
  46  4:02  Marauder  
  48  4:05  SCV  
  49  4:12  SCV  
  49  4:13  Marine x2  
  52  4:17  SCV, Terran Infantry Weapons Level 1  
  52  4:20  Supply Depot  
  54  4:25  Marine  
  54  4:27  SCV  
  54  4:30  SCV  
  54  4:35  Marine x2  
  54  4:36  Starport, Factory Reactor  
  56  4:39  SCV  
  56  4:43  Supply Depot  
  56  4:44  Marauder  
  56  4:45  SCV  
  60  4:53  Marine x2  
  60  4:54  SCV  
  60  4:57  SCV  
  63  5:04  Command Center  
  64  5:07  SCV  
  64  5:09  SCV, Marauder  
  67  5:17  Marine  
  67  5:18  Refinery, Marine  
  67  5:19  Medivac  
  67  5:20  Medivac  
  73  5:21  SCV  
  73  5:24  SCV, Supply Depot  
  75  5:32  Refinery, Missile Turret  
  70  5:38  SCV  
  70  5:40  Missile Turret  
  70  5:47  SCV  
  70  5:48  Missile Turret  
  71  5:50  SCV  
  71  5:52  Marauder  
  71  5:53  Marine  
  71  5:57  Marine  
  71  5:59  SCV  
  71  6:01  Stimpack  
  71  6:02  SCV  
  74  6:11  SCV, Factory Reactor  
  74  6:14  SCV  
  74  6:15  Marine  
  74  6:16  Marauder  
  79  6:23  Terran Infantry Armor Level 1  
  79  6:24  Marine  
  79  6:25  Orbital Command  
  79  6:27  SCV x2  
  81  6:36  Barracks  
  81  6:39  SCV, Marauder, Marine  
  85  6:41  SCV  
  86  6:51  Widow Mine x2, Medivac  
  86  6:52  Marine  
  93  6:58  SCV x2  
  95  7:01  Marine  
  95  7:02  Marauder  
  95  7:06  Medivac  
  100  7:13  Barracks x2  
  100  7:16  SCV  
  100  7:20  Orbital Command  
  101  7:27  SCV  
  101  7:28  SCV  
  101  7:31  Marine x2  
  101  7:36  Marauder x2  
  109  7:37  Widow Mine x2  
  109  7:52  Armory  
  109  7:55  Concussive Shells  
  109  7:57  Missile Turret, Orbital Command  
  109  7:59  SCV x2, Medivac x2, Marine x2  
  109  8:00  Supply Depot  
  109  8:01  Supply Depot  
  109  8:02  Barracks Tech Lab, Barracks Reactor  
  117  8:11  Widow Mine, SCV x2  
  115  8:14  Marine  
  115  8:15  Marauder  
  115  8:17  Marine  
  108  8:23  SCV  
  108  8:24  SCV, Marauder  
  108  8:26  SCV  
  113  8:33  Marine  
  113  8:34  Marauder  
  116  8:35  Marine  
  116  8:36  SCV, Marauder  
  116  8:39  SCV x2  
  122  8:41  Terran Infantry Weapons Level 2  
  122  8:42  Marine  
  122  8:43  Marine  
  122  8:46  Marauder  
  123  8:51  Marine  
  123  8:55  Marauder  
  101  8:56  Marine  
  101  8:57  Marauder  
  101  9:00  Marine  
  101  9:01  Viking  
  91  9:05  Viking  
  91  9:07  Marauder  
  91  9:10  Marine x2  
  91  9:13  Widow Mine x2  
  91  9:14  Marine  
  91  9:16  SCV x3, Marauder  
  103  9:18  Marine  
  103  9:19  Marauder  
  106  9:28  Marine x3  
  106  9:30  SCV  
  106  9:31  SCV x2, Viking  
  112  9:35  Viking  
  112  9:37  Refinery  
  112  9:38  Ghost Academy, Marauder  
  118  9:39  Marine x2  
  118  9:40  Marauder  
  122  9:47  Marauder, Marine x2  
  122  9:51  Refinery, Starport  
  126  9:53  Supply Depot  
  126  9:57  Supply Depot  
  126  9:59  Marine x2  
  128  10:00  Marauder  
  128  10:01  Marauder  
  132  10:07  Missile Turret  
  132  10:08  Missile Turret  
  132  10:11  Medivac  
  132  10:12  Marine  
  133  10:14  Marine  
  133  10:15  Medivac, Marauder  
  133  10:16  Supply Depot  
  138  10:22  Marauder, Marine  
  138  10:23  Marine  
  138  10:24  Marauder  
  130  10:30  Marine  
  130  10:34  SCV x2  
  128  10:35  Marine  
  128  10:36  Marauder  
  128  10:42  Marine  
  130  10:43  Marine, Marauder  
  130  10:45  Marauder  
  131  10:51  SCV x3  
  134  10:58  Marauder  
  134  10:59  Widow Mine  
  134  11:03  SCV x2  
  140  11:04  Viking  
  140  11:05  Marauder  
  140  11:06  SCV  
  140  11:10  Ghost  
  147  11:11  Marine  
  147  11:13  Marine  
  147  11:23  Ghost  
  142  11:25  Ghost  
  142  11:28  Marine x2  
  146  11:39  Marauder  
  124  11:41  Marine  
  124  11:43  Marine  
  126  11:52  Marauder, Viking  
  130  11:55  Marauder  
  130  11:56  Viking  
  136  12:02  Marauder  
  136  12:03  Marine  
  136  12:04  Marine  
Tags
 
Add a new tag
Caveats
  • Supply blocks, unpowered buildings, or Contaminate may cause inaccurate times.
  • Supply counts are checked every 10 seconds.